 Dungeon Crawl Stone Soup version 0.18.1-50-g88ac8fd (webtiles) character file.

1710 Gargoyl the Covered (level 8, -19/62 HPs)
             Began as a Demonspawn Abyssal Knight on Oct 14, 2016.
             Was a Priest of Lugonu.
             Demolished by a hill giant
             ... wielding a +0 giant club
              (35 damage)
             ... on level 6 of the Dungeon.
             The game lasted 00:16:11 (8541 turns).

Gargoyl the Covered (Demonspawn Abyssal Knight)     Turns: 8541, Time: 00:16:12

Health: -19/62     AC: 19    Str: 19    XL:     8   Next: 74%
Magic:  12/12      EV:  5    Int: 14    God:    Lugonu [***...]
Gold:   280        SH: 11    Dex: 13    Spells: 0 memorised, 7 levels left

rFire  + . .     SeeInvis .     t - +1 hand axe (chop)
rCold  . . .     Gourm    .     u - +0 chain mail
rNeg   . . .     Faith    .     a - +0 shield
rPois  .         Spirit   .     e - +0 helmet
rElec  .         Dismiss  .     (no cloak)
rCorr  .         Reflect  +     x - +0 pair of gloves
SustAt .         Harm     .     l - +2 pair of boots
MR     .....                    k - +3 amulet of reflection
Stlth  ..........               (no ring)
                                n - ring of protection from fire

@: mighty, not resistant to hostile enchantments, extremely unstealthy
A: hooves 2, icy blue scales 2, blurry vision 1, nightstalker 1, powered by pain
1, evolution 1
a: Depart the Abyss, Bend Space, Banish, Renounce Religion


You were on level 6 of the Dungeon.
You worshipped Lugonu.
Lugonu was most pleased with you.
You were not hungry.

You visited 1 branch of the dungeon, and saw 9 of its levels.
You visited the Abyss 1 time.

You collected 280 gold pieces.

Inventory:

Hand Weapons
 t - a +1 hand axe of chopping (weapon)
 w - a +0 war axe
Armour
 a - a +0 shield (worn)
 e - a +0 helmet (worn)
 l - a +2 pair of boots (worn)
 u - a +0 chain mail (worn)
 x - a +0 pair of gloves (worn)
Jewellery
 k - a +3 amulet of reflection (around neck)
 n - a ring of protection from fire (left hand)
Wands
 f - a wand of confusion (22/48)
Scrolls
 g - 2 scrolls of identify
 i - 4 scrolls of teleportation
 j - a scroll of recharging {unknown}
 q - 3 scrolls of remove curse
 v - a scroll of fog
Potions
 b - a potion of berserk rage
 h - a potion of haste
 m - a potion of magic
 E - 2 potions of curing
Comestibles
 c - 6 bread rations
 d - 2 meat rations
 p - a slice of pizza


   Skills:
 + Level 5.0 Fighting
 + Level 4.0 Axes
 * Level 7.0 Armour
 + Level 3.4 Dodging
 + Level 1.0 Shields
 * Level 6.2 Invocations


You had 7 spell levels left.
You didn't know any spells.

Dungeon Overview and Level Annotations

Branches:
Dungeon (9/15)             Temple (0/1) D:6
   Lair: D:8-11         Orc: D:9-12

Altars:
Ashenzari
Makhleb
Nemelex Xobeh
Okawaru
Qazlal
Ru
Sif Muna
Trog
Xom


Innate Abilities, Weirdness & Mutations

You have hoof-like feet.
You are mostly covered in icy blue scales (AC +3, EV -1).
You are slightly more attuned to the shadows.
You sometimes gain a little power by taking damage.
Scrolls take you a little longer to read.
You evolve.


Message History

You see here a ring mail.
A hill giant comes into view. It is wielding a giant club.
The crimson imp shouts!
Found a falchion.
The crimson imp barely misses you.
You hit the hill giant but do no damage.
The hill giant hits you with a giant club!!
You hit the hill giant.
The hill giant is lightly wounded.
The hill giant hits you with a giant club!!
* * * LOW HITPOINT WARNING * * *
You focus on the pain.
You feel very mighty all of a sudden.
You hear a bark!
Press: ? - help, Shift-Dir - straight line, f - hill giant
Aim: a hill giant, wielding a giant club (lightly wounded, chance to defeat MR: 71%)
You fail to use your ability.
The hill giant hits you with a giant club!!
Ouch! That really hurt!
You die...

.......)...........>#
.......#.#.##########
#####..#.#.#.......#
#..#.#.#.#####.#############
#..#.#.#.#................[#
#..#.#.#.###.#.###########.#
#..#.#.#.....#.# #.#
#..#.#.#...###.# #.#
#..#.#....5C@..# #.#
#......<...###### #.#
##.#............. #.#
######.#...........## #.#
...##..............# #.#
....##.#...........# #.#
.....#.#...........# #.#
#....##.........).... #.#
##...###...........## #.#


You could see a hill giant and a crimson imp.

Vanquished Creatures
  A phantom (D:5)
  A centaur (D:6)
  3 ogres
  2 giant frogs
  A howler monkey (D:5)
  A crimson imp (D:8)
  2 giant frog zombies (D:5)
  A jelly (D:7)
  3 hounds
  5 orc wizards
  An orc priest (D:7)
  A giant frog skeleton (D:5)
  Jessica (D:2)
  2 worker ants
  Natasha (thrice) (D:4 D:5)
  3 iguanas
  A hound skeleton (D:5)
  6 adders
  3 shadow imps (D:5)
  An ooze (D:4)
  2 adder skeletons
  An adder zombie (D:4)
  6 worms
  2 dart slugs
  7 giant geckos
  15 orcs
  3 giant cockroaches
  9 goblins
  7 hobgoblins
  6 jackals
  3 quokkas
  A ball python (D:5)
  8 bats
  4 giant newts
  A jackal skeleton (D:4)
  6 kobolds
  12 rats
135 creatures vanquished.

Vanquished Creatures (others)
  Eustachio (D:5)
  An orc warrior (D:7)
  The ghost of Dioneo the Gusty, an amateur TeAE (D:3)
  A crimson imp (D:5)
4 creatures vanquished.

Grand Total: 139 creatures vanquished

Notes
Turn   | Place    | Note
--------------------------------------------------------------
     0 | Abyss:1  | Gargoyl the Demonspawn Abyssal Knight began the quest for the Orb.
     0 | Abyss:1  | Reached XP level 1. HP: 18/18 MP: 2/2
     9 | Abyss:1  | Found a corrupted altar of Lugonu.
    46 | Abyss:2  | Noticed a large abomination
    93 | Abyss:3  | Noticed a Hell Sentinel
    95 | Abyss:3  | Noticed a worldbinder
    96 | Abyss:3  | Noticed a raiju
    98 | Abyss:3  | Noticed a water moccasin
   100 | Abyss:3  | Noticed a water moccasin
   102 | D:1      | Escaped the Abyss
   367 | D:1      | Reached * piety under Lugonu
   405 | D:1      | Found a shattered altar of Ashenzari.
   432 | D:1      | Reached skill level 1 in Dodging
   442 | D:1      | Gained mutation: You are slightly more attuned to the shadows. [demonic ancestry]
   442 | D:1      | Reached XP level 2. HP: 22/24 MP: 3/3
   897 | D:1      | Reached skill level 2 in Armour
  1343 | D:2      | Reached XP level 3. HP: 28/29 MP: 3/5
  1718 | D:2      | Found an iron altar of Okawaru.
  1719 | D:2      | Reached ** piety under Lugonu
  1925 | D:2      | Noticed Jessica
  1941 | D:2      | Killed Jessica
  1941 | D:2      | Gained mutation: You have large cloven feet. [demonic ancestry]
  1941 | D:2      | Reached XP level 4. HP: 25/36 MP: 6/6
  2550 | D:2      | Found a sacrificial altar of Ru.
  2750 | D:2      | Reached skill level 3 in Armour
  3265 | D:3      | Gained mutation: You sometimes gain a little power by taking damage. [demonic ancestry]
  3265 | D:3      | Reached XP level 5. HP: 35/42 MP: 7/7
  3868 | D:3      | Noticed Dioneo's ghost (amateur TeAE)
  3876 | D:3      | Killed Dioneo's ghost
  3876 | D:3      | Reached skill level 4 in Armour
  3876 | D:3      | Gained mutation: You are partially covered in icy blue scales (AC +1). [demonic ancestry]
  3876 | D:3      | Reached XP level 6. HP: 37/48 MP: 9/9
  4193 | D:4      | Noticed Natasha
  4208 | D:4      | Killed Natasha
  4349 | D:4      | Found a sparkling altar of Nemelex Xobeh.
  4394 | D:4      | Found a deep blue altar of Sif Muna.
  4444 | D:4      | Noticed Natasha
  4465 | D:4      | Killed Natasha
  5051 | D:4      | Gained mutation: You have hoof-like feet. [demonic ancestry]
  5051 | D:4      | Reached XP level 7. HP: 34/54 MP: 10/10
  5451 | D:5      | Entered Level 5 of the Dungeon
  5509 | D:5      | Reached *** piety under Lugonu
  5711 | D:5      | Noticed Eustachio
  5791 | D:5      | Killed Eustachio
  5791 | D:5      | Reached skill level 5 in Armour
  5791 | D:5      | Reached skill level 5 in Invocations
  6092 | D:5      | Noticed Natasha
  6102 | D:5      | Killed Natasha
  6555 | D:5      | Gained mutation: You are clumsy. (Dex -2) [potion of mutation]
  6555 | D:5      | Gained mutation: You evolve. [potion of mutation]
  6555 | D:5      | Gained mutation: Scrolls take you a little longer to read. [potion of mutation]
  6587 | D:5      | Found a burning altar of Makhleb.
  6841 | D:5      | Gained mutation: You are mostly covered in icy blue scales (AC +3, EV -1). [demonic ancestry]
  6841 | D:5      | Reached XP level 8. HP: 28/61 MP: 12/12
  7022 | D:5      | Reached skill level 6 in Armour
  7348 | D:5      | Found a shimmering altar of Xom.
  7645 | D:6      | Found a staircase to the Ecumenical Temple.
  7796 | D:6      | Noticed a moth of wrath
  7799 | D:6      | Found a bloodstained altar of Trog.
  7930 | D:6      | You fall through a shaft for 3 floors!
  8019 | D:8      | Lost mutation: You are clumsy. (Dex -2) [evolution]
  8348 | D:7      | Reached skill level 5 in Fighting
  8348 | D:7      | Reached skill level 7 in Armour
  8348 | D:7      | Reached skill level 1 in Shields
  8381 | D:6      | Found a stormy altar of Qazlal.
  8532 | D:6      | Noticed a hill giant
  8541 | D:6      | Demolished by a hill giant

Skill      XL: |  1  2  3  4  5  6  7  8 |
---------------+-------------------------+-----
Dodging        | 1 2 3 |  3.4
Armour         | 2 3 4 5 7 |  7.0
Invocations    | 3 4 5 6 |  6.2
Axes           | 2 3 4 |  4.0
Fighting       | 4 5 |  5.0
Shields        | 1 |  1.0

Action                   |  1- 3 |  4- 6 |  7- 9 || total
-------------------------+-------+-------+-------++-------
Melee: Hand axe          |   152 |   257 |   329 ||   738
Invok: Depart the Abyss  |     1 |       |       ||     1
       Banish            |       |       |     2 ||     2
  Use: Scroll            |       |     2 |    13 ||    15
       Potion            |       |       |    15 ||    15
 Stab: Sleeping          |     1 |     3 |       ||     4
  Eat: Chunk             |     4 |    10 |    15 ||    29
Armor: Ring mail         |    82 |    57 |       ||   139
       Chain mail        |       |    80 |   224 ||   304
Dodge: Dodged            |   103 |    99 |   123 ||   325
Block: Shield            |       |       |    46 ||    46
